 Dungeon Crawl Stone Soup version 0.29.1-12-g30fa7ad0bf (webtiles) character file.

Game seed: 869837043238289263

20136 xian the Covert (level 12, -1/124 HPs)
             Began as a Demonspawn Enchanter on Dec 30, 2022.
             Was an Elder of Dithmenos.
             Slain by a molten gargoyle
             ... wielding a +0 mace
              (13 damage)
             ... in a Gauntlet.
             The game lasted 01:05:34 (13791 turns).

xian the Covert (Demonspawn Enchanter)             Turns: 13791, Time: 01:05:35

Health: -1/124     AC: 29    Str: 13    XL:     12   Next: 42%
Magic:  19/23      EV: 14    Int: 18    God:    Dithmenos [****..]
Gold:   820        SH:  0    Dex: 18    Spells: 10/26 levels left

rFire   . . .      SeeInvis .   M - +1 dagger (venom)
rCold   . . .      Faith    .   (no shield)
rNeg    . . .      Spirit   .   S - +6 ring mail of Lethargy {Harm rCorr MP-9 Stlth+}
rPois   .          Reflect  .   l - +2 hat
rElec   +          Harm     +   H - +0 cloak
rCorr   +          Rampage  .   d - +0 pair of gloves
Will    .....      NoTele   +   s - +1 pair of boots of Ziroweiz {rElec Regen+ Dex+5}
Stlth   ..........              n - amulet of regeneration
HPRegen 1.90/turn               j - +4 ring of protection
MPRegen 0.18/turn               Y - ring of magical power

@: berserking, sanguine armoured, wreathed by umbra, invisible, very quick
A: demonic guardian 2, sanguine armour 1, demonic touch 2
a: Renounce Religion, Shadow Step


You were in a Gauntlet.
You worshipped Dithmenos.
Dithmenos was greatly pleased with you.
You visited 2 branches of the dungeon, and saw 13 of its levels.
You also visited: Gauntlet.

You collected 820 gold pieces.

Inventory:

Hand Weapons
 M - a +1 dagger of venom (weapon)
 P - a +2 arbalest of freezing
 T - the +1 hand crossbow of Tenacity {venom, Int+4}
   (You found it on level 10 of the Dungeon)

   Any ammunition fired from it poisons the flesh of those it strikes.
   Int:       It affects your intelligence (+4).
Missiles
 b - 13 boomerangs (quivered)
 t - a throwing net
 x - 16 poisoned darts
 U - a curare-tipped dart
Armour
 d - a +0 pair of gloves (worn)
 l - a +2 hat (worn)
 s - the +1 pair of boots of Ziroweiz (worn) {rElec Regen+ Dex+5}
   (You found it on level 2 of the Dungeon)

   Dex:       It affects your dexterity (+5).
   rElec:     It insulates you from electricity.
   Regen:     It increases your rate of health regeneration.
 H - a +0 cloak (worn)
 S - the +6 ring mail of Lethargy (worn) {Harm rCorr MP-9 Stlth+}
   (You took it off an orc on level 5 of the Dungeon)

   MP:        It affects your magic capacity (-9).
   rCorr:     It protects you from acid and corrosion.
   Harm:      It increases damage dealt and taken.
   Stlth:     It makes you more stealthy.
Magical Staves
 V - a staff of cold
Jewellery
 j - a +4 ring of protection (left hand)
 m - an amulet of reflection
 n - an amulet of regeneration (around neck)
 o - a ring of wizardry
 q - a ring of flight
 O - a +6 ring of intelligence
 Y - a ring of magical power (right hand)
Wands
 i - a wand of polymorph (12)
 D - a wand of paralysis (10)
 J - a wand of flame (32)
 K - a wand of roots (22)
 W - a wand of mindburst (4)
 Z - a wand of light (13)
Scrolls
 e - 2 scrolls of poison
 r - 2 scrolls of enchant weapon
 u - a scroll of fear
 v - 7 scrolls of teleportation
 w - a scroll of brand weapon {unknown}
 I - a scroll of blinking
 L - a scroll of immolation
 Q - 2 scrolls of butterflies
 X - 3 scrolls of silence {unknown}
Potions
 a - 2 potions of ambrosia {unknown}
 c - 2 potions of invisibility
 f - a potion of might {unknown}
 g - 2 potions of mutation {unknown}
 h - 6 potions of curing
 k - 3 potions of attraction {unknown}
 p - a potion of cancellation {unknown}
 z - a potion of degeneration {unknown}
 A - a potion of brilliance {unknown}
 E - 3 potions of flight {unknown}
 F - a potion of haste {unknown}
 G - a potion of magic {unknown}
 R - a potion of lignification {unknown}


   Skills:
 + Level 4.1 Fighting
 + Level 5.3 Short Blades
 + Level 1.9 Ranged Weapons
 + Level 2.6 Throwing
 * Level 7.9 Armour
 + Level 6.2 Dodging
 + Level 9.7 Stealth
 + Level 1.0 Unarmed Combat
 + Level 7.7 Spellcasting
 + Level 8.2 Hexes
 + Level 5.9 Ice Magic


You had 10 spell levels left.
You knew the following spells:

 Your Spells              Type           Power      Damage    Failure   Level
a - Ensorcelled Hibernat  Hex/Ice        64%        N/A       1%          2
b - Confusing Touch       Hex            36%        N/A       1%          3
c - Tukima's Dance        Hex            36%        N/A       1%          3
d - Ozocubu's Armour      Ice            28%        N/A       4%          3
e - Metabolic Englaciati  Hex/Ice        16%        N/A       28%         5

Your spell library contained the following spells:

 Spells                   Type           Power      Damage    Failure   Level
 Dazzling Flash           Conj/Hex       42%        N/A       11%         3
 Portal Projectile        Hex/Tloc       42%        N/A       11%         3
 Apportation              Tloc           12%        N/A       19%         1
 Beastly Appendage        Tmut           12%        N/A       19%         1
 Blink                    Tloc           12%        N/A       28%         2
 Searing Ray              Conj           12%        2d4       28%         2
 Wereblood                Tmut           6%         N/A       28%         2
 Fulminant Prism          Conj/Hex       10%        3d9       34%         4
 Ignite Poison            Fire/Tmut/Pois 6%         N/A       50%         3
 Mephitic Cloud           Conj/Pois/Air  6%         N/A       50%         3
 Spider Form              Tmut/Pois      6%         N/A       50%         3
 Stone Arrow              Conj/Erth      12%        3d7       50%         3
 Animate Armour           Summ/Erth      12%        N/A       88%         4
 Iskenderun's Mystic Bla  Conj/Tloc      6%         2d4       88%         4
 Freezing Cloud           Conj/Ice/Air   7%         6-21      94%         5
 Alistair's Intoxication  Tmut/Pois      4%         N/A       99%         5
 Blade Hands              Tmut           3%         N/A       99%         5
 Lee's Rapid Deconstruct  Erth           3%         3d6*      99%         5
 Simulacrum               Ice/Necr       8%         N/A       100%        6
 Lehudib's Crystal Spear  Conj/Erth      3%         10d2      100%        8


Dungeon Overview and Level Annotations

Branches:
Dungeon (10/15)            Temple (0/1) D:7            Lair (3/5) D:10
 Shoals (0/4) Lair:3        Snake (0/4) Lair:2          Orc (0/2) D:9
Gauntlet (1/1)

Altars:
Ashenzari
Cheibriados
Dithmenos
Fedhas
Gozag
Kikubaaqudgha
Makhleb
Okawaru
Qazlal
Ru
Sif Muna
Trog
Vehumet
Xom

Shops:
D:4 (

Annotations:
D:9 2 transporters, wormed's ghost, novice MiBe Gauntlet 7 transporters, 2 runed translucent doors, exclusion: orange crystal statue


Innate Abilities, Weirdness & Mutations

A demonic guardian rushes to your aid.
When seriously injured, your blood forms armour. (AC +6)
Your touch may inflict irresistible damage on your foes.


Message History

The molten gargoyle barely misses you.
The molten gargoyle hits you with a +0 mace.
* * * LOW HITPOINT WARNING * * *
You are engulfed in flames!
* * * LOW HITPOINT WARNING * * *
You feel much better.
Your orange demon barely misses the gargoyle.
Your orange demon hits the gargoyle but does no damage.
The gargoyle hurls a stone arrow at your orange demon.
The stone arrow hits your orange demon!
Your orange demon dies!
Your orange demon disappears in a puff of smoke!
The gargoyle hurls a stone arrow at you.
The stone arrow hits you!!
* * * LOW HITPOINT WARNING * * *
The molten gargoyle blasts magma at you!
The bolt of magma misses you.
The bolt of magma hits the molten gargoyle!
The molten gargoyle partially resists.
Casting: Confusing Touch (safe; 1% risk of failure)
Confirm with . or Enter, or press ? or * to list all spells.
Okay, then.
Okay, then.
A red film seems to cover your vision as you go berserk!
You feel yourself moving faster!
You feel mighty!
The gargoyle hurls a stone arrow at you.
The stone arrow hits the catoblepas!
The gargoyle misses you. The molten gargoyle misses you.
The catoblepas bellows!
You hit the catoblepas but do no damage.
The catoblepas appears confused.
The catoblepas is heavily wounded.
Unknown command.
You catch the helpless molten gargoyle completely off-guard!
You impale the molten gargoyle!!
You destroy the molten gargoyle!
Dithmenos accepts your kill.
The gargoyle hits you but does no damage.
The molten gargoyle hits you with a +0 mace!
You die...

## ### ### ### ### ###
##≈###≈###≈###≈###≈###≈##
#≈≈≈#≈≈≈#≈≈≈#≈≈≈#≈≈≈#≈≈≈#
#≈......................
##.#########...#########
##≈.#...##..#.⌠.#.......#
#≈≈.###...#.#...#)###+#.# #.
##≈.#"[#9Y#.#####)#≈..#.# #.⌠
##.#©?#@#..#©.©#W#≈©.#.#
....##..#.#99#..#.⌠.#.#≈..#.#
#.⌠.#...#.#...###...#W###+#.#
#...#.∩.#..##...#.⌠.#W......#
#.©.#...#########...#########
....#.⌠.....#.....⌠.#........
#.©.#...#########...#########
#...#.∩.#.......#.⌠.#.....#.#
#.⌠.#...#.###.#.#...#.###.#.#


You could see a catoblepas (confused, unable to see you), a molten gargoyle
(unable to see you) and 2 gargoyles.

Vanquished Creatures
  2 hydras
  5 two-headed ogres
  Pikel (D:5)
  An ice statue (Gauntlet)
  The ghost of wormed the Ducker, a novice GnMo of Okawaru (D:6)
  3 cane toads
  A molten gargoyle (Gauntlet)
  2 black mambas (Lair:2)
  A gargoyle (D:10)
  A kobold demonologist (D:10)
  A komodo dragon (Lair:1)
  2 rime drakes (Gauntlet)
  2 trolls (D:10)
  A polar bear (Lair:2)
  2 hornets (D:9)
  3 wraiths (D:10)
  A vampire (D:10)
  4 wyverns
  2 basilisks (Lair:2)
  13 yaks
  Menkaure (D:4)
  An acid dragon (D:9)
  10 water moccasins
  5 orc warriors
  An ice beast (D:7)
  2 sky beasts (D:7)
  7 wolves
  5 black bears
  An ogre (D:7)
  3 centaurs
  A lemure (D:5)
  2 phantoms
  2 kobold brigands (D:10)
  6 bullfrogs
  2 necrophages
  2 scorpions
  2 wights (D:8)
  The ghost of FexLirch the Trooper, a weakling PaFi (D:5)
  10 killer bees
  4 howler monkeys (D:9)
  3 electric eels
  6 hounds
  3 jellies
  7 orc priests
  A gnoll bouda (D:7)
  5 iguanas
  4 orc wizards
  A scorpion zombie (D:3)
  A hound zombie (D:3)
  A hound skeleton (D:3)
  7 adders
  6 gnolls
  A white imp (D:6)
  2 ufetubi
  An adder skeleton (D:3)
  4 dart slugs
  33 orcs
  4 bats
  5 endoplasms
  A giant cockroach (D:2)
  7 goblins
  3 hobgoblins
  4 jackals
  6 kobolds
  3 quokkas
  6 ball pythons
  A ball python skeleton (D:3)
  A ball python zombie (D:3)
  3 frilled lizards
  A jackal skeleton (D:3)
  A jackal zombie (D:3)
  7 rats
256 creatures vanquished.

Vanquished Creatures (collateral kills)
  Joseph (D:7)
  A komodo dragon (Lair:1)
  A raiju (Gauntlet)
  A yak (D:10)
  A wyvern (D:7)
  2 steam dragons (Gauntlet)
  A wolf (D:10)
  A black bear (D:4)
  A necrophage (D:5)
  3 wights
  2 killer bees
  A gnoll (D:5)
  An adder (D:5)
  An orc (D:5)
  An endoplasm (D:1)
  A frilled lizard (D:2)
  3 kobolds
23 creatures vanquished.

Vanquished Creatures (others)
  A shadow (D:9)
  3 plants (Lair:2)
4 creatures vanquished.

Grand Total: 283 creatures vanquished

Notes
Turn   | Place    | Note
-------+----------+-------------------------------------------
     0 | D:1      | xian the Demonspawn Enchanter began the quest for the Orb.
     0 | D:1      | Reached XP level 1. HP: 13/13 MP: 3/3
   452 | D:1      | Reached skill level 3 in Stealth
   452 | D:1      | Gained mutation: A weak demonic guardian rushes to your
                  | aid. [demonic ancestry]
   452 | D:1      | Reached XP level 2. HP: 19/19 MP: 5/5
   455 | D:1      | Learned a level 2 spell: Ensorcelled Hibernation
  1280 | D:2      | Identified the +1 hand axe "Jele" {drain, rPois rC+ rCorr
                  | Int+2}
  1369 | D:2      | Reached skill level 1 in Short Blades
  1457 | D:2      | Reached XP level 3. HP: 24/24 MP: 1/6
  1558 | D:2      | Identified the +1 pair of boots of Ziroweiz {rElec Regen+
                  | Dex+5}
  1791 | D:3      | HP: 1/24 [kobold/+0 whip (6)]
  1885 | D:3      | You fall into a shaft and drop 2 floors!
  1885 | D:5      | Entered Level 5 of the Dungeon
  1889 | D:5      | Found a runed translucent gate.
  1889 | D:5      | Identified the +3 chain mail of Paranoia {rN+ rCorr}
  1889 | D:5      | Noticed an orc warrior
  1889 | D:5      | Identified the +6 ring mail of Lethargy {Harm rCorr MP-9
                  | Stlth+}
  1895 | D:5      | Noticed a phantom
  1928 | D:5      | Noticed a black bear
  1936 | D:5      | Killed a black bear
  1937 | D:5      | Gained mutation: A demonic guardian rushes to your aid.
                  | [demonic ancestry]
  1937 | D:5      | Reached XP level 4. HP: 30/31 MP: 7/7
  2021 | D:5      | Noticed a necrophage
  2069 | D:5      | Killed a necrophage
  2070 | D:5      | Reached skill level 1 in Fighting
  2070 | D:5      | Reached XP level 5. HP: 34/37 MP: 8/8
  2073 | D:5      | Found a bloodstained altar of Trog.
  2078 | D:5      | Killed a phantom
  2079 | D:5      | Reached skill level 4 in Stealth
  2079 | D:5      | Reached XP level 6. HP: 43/43 MP: 9/9
  2093 | D:5      | Reached skill level 1 in Unarmed Combat
  2417 | D:4      | Noticed Menkaure
  2432 | D:4      | Killed Menkaure
  2473 | D:4      | Reached skill level 1 in Ice Magic
  2473 | D:4      | Gained mutation: Your touch may inflict minor irresistible
                  | damage on your foes. [demonic ancestry]
  2473 | D:4      | Reached XP level 7. HP: 49/49 MP: 10/10
  2820 | D:4      | Found Vuavosiw's Antique Weapon Shoppe.
  2854 | D:4      | Found a broken altar of Ashenzari.
  3258 | D:3      | Reached skill level 1 in Throwing
  3264 | D:3      | Reached skill level 5 in Stealth
  3402 | D:3      | Found a faded altar of an unknown god.
  3744 | D:3      | Learned a level 3 spell: Confusing Touch
  3748 | D:3      | Learned a level 3 spell: Tukima's Dance
  3812 | D:5      | Found a runed translucent gate.
  3813 | D:5      | Found a runed translucent gate.
  3813 | D:5      | Noticed FexLirch's ghost (weakling PaFi)
  4164 | D:5      | Found a shadowy altar of Dithmenos.
  4236 | D:5      | Became a worshipper of Dithmenos the Shadowed
  4334 | D:5      | Noticed Pikel
  4346 | D:5      | Killed Pikel
  4347 | D:5      | Gained mutation: When seriously injured, your blood forms
                  | armour. (AC +6) [demonic ancestry]
  4347 | D:5      | Reached XP level 8. HP: 53/57 MP: 2/12
  4441 | D:5      | Found an ancient bone altar of Kikubaaqudgha.
  4444 | D:5      | Found a shimmering blue altar of Sif Muna.
  4447 | D:5      | Found a radiant altar of Vehumet.
  4452 | D:5      | Got Sif Muna's Papyrus of Superposition
  4621 | D:6      | Noticed wormed's ghost (novice GnMo)
  4628 | D:6      | Found a runed translucent gate.
  4628 | D:6      | Found a runed translucent gate.
  4629 | D:6      | Found a runed translucent gate.
  5138 | D:6      | Found a sacrificial altar of Ru.
  5441 | D:7      | Found a staircase to the Ecumenical Temple.
  5484 | D:7      | Reached skill level 5 in Hexes
  5580 | D:7      | Reached XP level 9. HP: 51/62 MP: 2/15
  5682 | D:7      | Found a stormy altar of Qazlal.
  5696 | D:7      | Noticed Joseph
  5710 | D:7      | Killed Joseph
  5711 | D:7      | Reached skill level 6 in Stealth
  5829 | D:7      | Reached * piety under Dithmenos
  6876 | D:8      | Reached skill level 5 in Spellcasting
  7699 | D:9      | Noticed a two-headed ogre
  7709 | D:9      | Killed a two-headed ogre
  7710 | D:9      | Reached skill level 5 in Armour
  7710 | D:9      | Reached skill level 7 in Stealth
  7710 | D:9      | Reached XP level 10. HP: 33/70 MP: 14/17
  7738 | D:9      | Found a transporter.
  7854 | D:9      | Found a staircase to the Orcish Mines.
  7949 | D:9      | Reached ** piety under Dithmenos
  8133 | D:9      | Noticed a two-headed ogre
  8140 | D:9      | Noticed a two-headed ogre
  8165 | D:9      | Killed a two-headed ogre
  8196 | D:9      | Reached skill level 5 in Dodging
  8238 | D:9      | Found a shimmering altar of Xom.
  8249 | D:9      | Learned a level 3 spell: Ozocubu's Armour
  8274 | D:9      | Noticed a two-headed ogre
  8415 | D:9      | Found a transporter.
  8423 | D:9      | Noticed a six-headed hydra
  8439 | D:9      | Got A Primer on the Occult
  8446 | D:9      | Learned a level 5 spell: Metabolic Englaciation
  8521 | D:9      | Killed a two-headed ogre
  8582 | D:9      | Killed a two-headed ogre
  8734 | D:9      | Noticed wormed's ghost (novice MiBe)
  8801 | D:9      | Found a blossoming altar of Fedhas.
  8805 | D:9      | Found an iron altar of Okawaru.
  8805 | D:9      | Found an opulent altar of Gozag.
  8808 | D:9      | Found a snail-covered altar of Cheibriados.
  9160 | D:9      | Reached XP level 11. HP: 75/75 MP: 6/20
  9432 | D:5      | Killed FexLirch's ghost
  9489 | D:5      | Reached *** piety under Dithmenos
  9625 | D:6      | Killed wormed's ghost
  9849 | D:10     | Entered Level 10 of the Dungeon
  9849 | D:10     | Noticed a two-headed ogre
  9853 | D:10     | Killed a two-headed ogre
  9854 | D:10     | Reached skill level 8 in Stealth
 10039 | D:10     | Reached skill level 5 in Short Blades
 10093 | D:10     | Found a staircase to the Lair.
 10751 | D:10     | Found a burning altar of Makhleb.
 10888 | D:10     | Identified the +1 hand crossbow of Tenacity {venom, Int+4}
 11004 | D:10     | Noticed a sun demon
 11015 | D:10     | Reached **** piety under Dithmenos
 11238 | Lair:1   | Entered Level 1 of the Lair of Beasts
 11407 | Lair:1   | Noticed a five-headed hydra
 11418 | Lair:1   | Killed a five-headed hydra
 11419 | Lair:1   | Reached skill level 1 in Ranged Weapons
 11419 | Lair:1   | Reached skill level 5 in Ice Magic
 11792 | Lair:1   | Reached skill level 9 in Stealth
 12205 | Lair:2   | Noticed a six-headed hydra
 12215 | Lair:2   | Killed a six-headed hydra
 12280 | Lair:2   | Gained mutation: Your touch may inflict irresistible damage
                  | on your foes. [demonic ancestry]
 12280 | Lair:2   | Reached XP level 12. HP: 83/83 MP: 17/22
 12480 | Lair:2   | Found a staircase to the Snake Pit.
 13461 | Lair:3   | Found a gate leading to a gauntlet.
 13471 | Gauntlet | Entered a Gauntlet
 13471 | Gauntlet | Found a transporter.
 13471 | Gauntlet | Found a transporter.
 13482 | Gauntlet | Found a transporter.
 13486 | Gauntlet | Found a transporter.
 13490 | Gauntlet | Found a runed translucent door.
 13490 | Gauntlet | Found a runed translucent door.
 13494 | Gauntlet | Found a transporter.
 13498 | Gauntlet | Found a transporter.
 13503 | Gauntlet | Noticed a catoblepas
 13512 | Gauntlet | Found a transporter.
 13529 | Gauntlet | Found a transporter.
 13543 | Gauntlet | Found a transporter.
 13547 | Gauntlet | Found a transporter.
 13562 | Gauntlet | Found a transporter.
 13563 | Gauntlet | Found a transporter.
 13642 | Gauntlet | HP: 1/83 [ice statue] (20)]
 13791 | Gauntlet | Slain by a molten gargoyle

Illustrated notes

Levels and vault maps discovered:
D:1:      spicycebolla_arrival_xxxplode, layout_loops_cross
D:2:      layout_rooms
D:3:      layout_basic, nicolae_ecumenical_lake_church, serial_undead,
          serial_undead_d, serial_undead_a, serial_undead_f, serial_undead_d,
          serial_undead_e, serial_undead_e, serial_undead_e, amethyst_killhole,
          chequers_jeans
D:4:      layout_cave_pods, marbit_many_paths, serial_shops,
          nicolae_shop_crystal, grunt_ministairs_12, uniq_menkaure
D:5:      layout_loops_ring, grunt_temple_overflow_magic_moments,
          kennysheep_mini, trog_butcher_becter, biasface_ghost_orc_armoury,
          minmay_misc_feat_pillars, uniq_pikel
D:6:      layout_cave_pools, nicolae_ru_path_of_blood, gammafunk_ghost_split,
          minmay_fountain_box, minmay_crossroads
D:7:      layout_cave_pools, elyvilon_altar_5, mainiacjoe_overflow_alcove_4,
          minmay_temple_entry_mist, uniq_joseph
D:8:      layout_basic
D:9:      layout_irregular_city, xom_confusion_cloud,
          grunt_temple_overflow_open, david_orc_5, nzn_ghost_randoct,
          minmay_variable_closet, dreamdust_wishing_well
D:10:     layout_roguey, mainiacjoe_overflow_tiny_flanked,
          mainiacjoe_overflow_concentric_impassable, erik_lair_island,
          kennysheep_donut, grunt_ministairs_15, amcnicky_mini_pool_small
Lair:1:   layout_loops_ring, nicolae_quartered_pool_super, beast_lair_carwin_4,
          grunt_megastairs_2
Lair:2:   layout_cellular_growth, minmay_snake_entry_six_corridors
Lair:3:   layout_small_grid, elwin_shoals_entry_rocks, gauntlet_entry_generic,
          gammafunk_ghost_hive, nicolae_lair_lindhole
Gauntlet: minmay_gauntlet_77_indecision
          [minmay_gauntlet_arena_77_terracotta_army,
          minmay_gauntlet_arena_77_hold_the_fort,
          minmay_gauntlet_arena_77_shame_cube, minmay_gauntlet_arena_77_mirror,
          minmay_gauntlet_arena_77_squiggly,
          minmay_gauntlet_arena_77_block_sizes, gauntlet_exit_hidden_loot]

Skill      XL: |  1  2  3  4  5  6  7  8  9 10 11 12 |
---------------+-------------------------------------+-----
Stealth        | 3 4 5 7 9 |  9.7
Short Blades   | 1 2 3 4 5 |  5.3
Dodging        | 2 3 4 5 6 |  6.2
Fighting       | 1 2 3 4 |  4.1
Unarmed Combat | 1 |  1.0
Ice Magic      | 1 2 3 4 5 |  5.9
Throwing       | 2 |  2.6
Hexes          | 4 5 6 7 8 |  8.2
Armour         | 2 5 7 |  7.9
Spellcasting   | 3 4 5 6 7 |  7.7
Ranged Weapons | 1 |  1.9

Action                   |  1- 3 |  4- 6 |  7- 9 | 10-12 || total
-------------------------+-------+-------+-------+-------++-------
Melee: Dagger            |    85 |    79 |   275 |   362 ||   801
       Unarmed           |    13 |       |       |       ||    13
       Touch             |       |       |    56 |    71 ||   127
       Punch             |       |       |     2 |     9 ||    11
 Fire: Arbalest          |       |       |       |    19 ||    19
Throw: Stone             |    11 |     3 |    32 |    25 ||    71
       Throwing net      |       |     1 |     2 |       ||     3
 Cast: Ensorcelled Hiber |     8 |     6 |    55 |   128 ||   197
       Confusing Touch   |       |       |    14 |    25 ||    39
  Use: Scroll            |     4 |       |     6 |     3 ||    13
       Potion            |       |       |       |     7 ||     7
 Stab: Sleeping          |     8 |     5 |    32 |    72 ||   117
       Held in net/web   |       |     1 |       |       ||     1
       Confused          |       |       |     7 |    14 ||    21
       Distracted        |       |       |       |     2 ||     2
       Invisible         |       |       |       |     2 ||     2
Armor: Robe              |    29 |    53 |    31 |       ||   113
       Leather armour    |       |       |    57 |    69 ||   126
       Ring mail         |       |       |    57 |   170 ||   227
Dodge: Dodged            |    64 |    65 |   244 |   386 ||   759
